 Dungeon Crawl Stone Soup version 0.28.0-53-g5a82cb258f (webtiles) character file.

Game seed: 5893818912834288821

63 Infernotoast the Chopper (level 3, -5/34 HPs)
             Began as a Minotaur Berserker on July 25, 2022.
             Was a Follower of Trog.
             Slain by a scorpion (6 damage)
             ... on level 4 of the Dungeon.
             The game lasted 00:11:19 (1681 turns).

Infernotoast the Chopper (Minotaur Berserker)       Turns: 1681, Time: 00:11:20

Health: -5/34      AC:  9    Str: 23    XL:     3   Next: 89%
Magic:  2/2        EV:  8    Int:  4    God:    Trog [*.....]
Gold:   65         SH:  0    Dex:  9    Spells: 2/2 levels left

rFire   . . .      SeeInvis +   a - +0 hand axe
rCold   . . .      Faith    .   (no shield)
rNeg    . . .      Spirit   .   d - +0 chain mail
rPois   .          Reflect  .   (helmet restricted)
rElec   .          Harm     .   (no cloak)
rCorr   .          Rampage  .   (no gloves)
Will    .....                   (no boots)
Stlth   ..........              (no amulet)
HPRegen 0.11/turn               c - ring of see invisible
MPRegen 0.08/turn               (no ring)

@: lethally poisoned (-5 -> -8), on berserk cooldown, slowed, very slow
A: horns 2, retaliatory headbutt
a: Renounce Religion, Berserk


You were on level 4 of the Dungeon.
You worshipped Trog.
Trog was aware of your devotion.
You visited 1 branch of the dungeon, and saw 4 of its levels.

You collected 65 gold pieces.

Inventory:

Hand Weapons
 a - a +0 hand axe (weapon)
Armour
 d - a +0 chain mail (worn)
Jewellery
 c - a ring of see invisible (left hand)
Wands
 e - a wand of flame (10)
Potions
 b - a potion of haste


   Skills:
 + Level 4.5 Fighting
 + Level 4.5 Axes
 + Level 3.0 Armour
 + Level 2.7 Dodging


You had 2 spell levels left.
You didn't know any spells.
Your spell library was empty.

Dungeon Overview and Level Annotations

Branches:
Dungeon (4/15)
 Temple: D:4-7

Altars:


Innate Abilities, Weirdness & Mutations

You have a pair of horns on your head.
You reflexively headbutt those who attack you in melee.


Message History

You feel sick. The scorpion stings you.
You barely miss the scorpion.
The scorpion is moderately wounded.
You feel sick.
The scorpion stings you but does no damage.
You feel sick.
You hit the scorpion but do no damage.
The scorpion is moderately wounded.
You feel sick.
The scorpion stings you but does no damage.
The scorpion barely misses you.
A red film seems to cover your vision as you go berserk!
You feel yourself moving faster!
You feel mighty!
You feel sick. The scorpion stings you.
You feel a strong urge to attack something.
You feel sick.
You feel your anger nearly subside.
You feel sick.
You are no longer poisoned.
You are no longer berserk.
You are exhausted.
You feel yourself slow down. The scorpion barely misses you.
There is a stone staircase leading down here.
The scorpion barely misses you. The scorpion stings you.
* * * LOW HITPOINT WARNING * * *
You are lethally poisoned!
The scorpion poisons you!
You climb downwards.
* * * LOW HITPOINT WARNING * * *
You feel sick.
Found a book of Flames.
There is a stone staircase leading up here.
Okay, then.
You hit the scorpion but do no damage. Your headbutt misses the scorpion.
The scorpion is moderately wounded.
* * * LOW HITPOINT WARNING * * *
You feel very sick. The scorpion stings you.
You die...

####
:..
###.##
#..s@#
#.#.##
#+


You could see a scorpion.

Vanquished Creatures
  A gnoll (D:2)
  An adder (D:2)
  A worm (D:3)
  2 dart slugs (D:1)
  5 ball pythons
  2 bats
  2 endoplasms (D:2)
  4 giant cockroaches
  4 goblins
  A hobgoblin (D:2)
  3 jackals
  2 quokkas
  4 frilled lizards
  2 kobolds
  3 rats
37 creatures vanquished.

Notes
Turn   | Place    | Note
-------+----------+-------------------------------------------
     0 | D:1      | Infernotoast the Minotaur Berserker began the quest for the
                  | Orb.
     0 | D:1      | Reached XP level 1. HP: 19/19 MP: 0/0
   245 | D:1      | Reached XP level 2. HP: 20/27 MP: 1/1
   592 | D:1      | Found a faded altar of an unknown god.
   970 | D:2      | Reached XP level 3. HP: 27/34 MP: 2/2
  1660 | D:3      | Noticed a scorpion
  1681 | D:4      | HP: 1/34 [poisoned by a scorpion]
  1681 | D:4      | Slain by a scorpion

Illustrated notes

Levels and vault maps discovered:
D:1:      kilobyte_arrival_exit_the_forest, layout_loops_corners,
          nicolae_ecumenical_snake_handling
D:2:      layout_loops_cross, cheibrodos_gnoll_hut
D:3:      layout_basic, amcnicky_altar_gilded, hangedman_decor_lopped,
          kennysheep_path_1, corexii_leaking_fountain,
          kennysheep_generic_room_9, uniq_terence
D:4:      layout_basic, minmay_temple_entry_arrows

Skill      XL: |  1  2  3 |
---------------+----------+-----
Axes           | 4 |  4.5
Fighting       | 4 |  4.5
Armour         | 3 |  3.0
Dodging        | |  2.7

Action                   || total
-------------------------++-------
Melee: Hand axe          ||    93
       Headbutt          ||    16
       Punch             ||     1
Invok: Berserk           ||     1
  Use: Potion            ||     2
       Scroll            ||     2
Armor: Animal skin       ||     2
       Chain mail        ||    29
Dodge: Dodged            ||    36
